 Dungeon Crawl Stone Soup version 0.17-a0-125-g34d91a1 (webtiles) character file.

63340 PolkaDot the Maledictor (level 14, -6/85 HPs)
             Began as a Vampire Enchanter on Mar 23, 2015.
             Was the Champion of Ashenzari.
             Killed by angry trees
             ... awakened by a young spriggan druid
              (10 damage)
             ... on level 8 of the Lair of Beasts.
             The game lasted 01:22:36 (27305 turns).

PolkaDot the Maledictor (Vampire Enchanter)        Turns: 27305, Time: 01:22:36

Health: -6/85      AC:  8    Str:  7    XL:     14   Next: 67%
Magic:  32/34      EV: 12    Int: 21    God:    Ashenzari [******]
Gold:   541        SH:  3    Dex: 14    Spells: 6 memorised, 5 levels left

rFire  + . .     SeeInvis +     o - +0 dagger (venom)
rCold  + + .     Clarity  +     D - +2 leather armour {MR+} (curse)
rNeg   + + +     SustAb   .     F - +0 buckler (curse)
rPois  +         Gourm    .     w - +0 helmet "Hiloahyg" {+Inv rElec} (curse)
rElec  +         Spirit   .     z - +0 cloak (curse)
rCorr  .         Warding  .     (no gloves)
rMut   .         Stasis   .     i - +0 pair of boots (curse)
MR     ++...                    E - amulet of faith
Stlth  +++++++++.               B - ring of protection from fire (curse)
                                r - ring of magical power (curse)

@: about to teleport, very slightly contaminated, regenerating slowly,
invisible, very resistant to hostile enchantments, incredibly stealthy
A: bottle blood, fangs 3, see invisible, unbreathing
a: Bat Form, Scrying, Transfer Knowledge, Renounce Religion


You were on level 8 of the Lair of Beasts.
You worshipped Ashenzari.
Ashenzari was exalted by your worship.
You were near bloodless.

You visited 4 branches of the dungeon, and saw 22 of its levels.
You also visited: Volcano.

You collected 1191 gold pieces.
You spent 650 gold pieces at shops.

Inventory:

Hand weapons
 o - a +0 dagger of venom (weapon)
 M - a +0 demon blade of flaming
Missiles
 b - 4 throwing nets (quivered)
Armour
 i - a cursed +0 pair of boots (worn)
 w - the cursed +0 helmet "Hiloahyg" (worn) {+Inv rElec}
   (You found it on level 9 of the Dungeon)

   It insulates you from electricity.
   It lets you turn invisible.
   It has a curse placed upon it.
 z - a cursed +0 cloak (worn)
 D - a cursed +2 leather armour of magic resistance (worn)
 F - a cursed +0 buckler (worn)
Jewellery
 r - a cursed ring of magical power (left hand)
 B - a cursed ring of protection from fire (right hand)
 E - an amulet of faith (around neck)
 R - an uncursed ring of protection from fire
Magical devices
 q - a wand of enslavement (13)
 s - a wand of fireball (15)
 x - a wand of teleportation (6)
 A - a wand of random effects (11)
 C - a wand of draining (7)
 K - a wand of disintegration (16)
 O - a wand of flame (15)
Scrolls
 d - 2 scrolls of fear
 e - 10 scrolls of teleportation
 f - a scroll of curse armour
 g - 4 scrolls of amnesia
 j - 2 scrolls of enchant weapon
 m - 4 scrolls of immolation
 p - 6 scrolls of identify
 u - 2 scrolls of fog
 v - 7 scrolls of recharging
 y - 4 scrolls of magic mapping
 H - a scroll of curse weapon
 Q - a scroll of remove curse
Potions
 a - 3 potions of flight
 c - a potion of cure mutation {!q}
 h - 2 potions of curing
 k - 4 potions of restore abilities
 n - a potion of cancellation
 t - 2 potions of resistance
 G - a potion of haste
 J - a potion of brilliance {unknown}
 L - a potion of invisibility
Books
 N - a book of Frost

   Spells                             Type                      Level
   a - Freeze                         Ice                          1
   b - Throw Frost                    Conjuration/Ice              2
   c - Ozocubu's Armour               Charms/Ice                   3
   d - Throw Icicle                   Conjuration/Ice              4
   e - Summon Ice Beast               Ice/Summoning                4
   f - Condensation Shield            Ice                          4
Miscellaneous
 l - a phial of floods


   Skills:
 - Level 10.0 Short Blades
 - Level 2.1(4.4) Dodging
 + Level 19.3(21.5) Stealth
 - Level 4.8 Spellcasting
 * Level 23.3(25.3) Hexes
 - Level 4.2(7.1) Translocations
 - Level 1.2(3.1) Ice Magic
 + Level 6.3(9.4) Evocations


You had 5 spell levels left.
You knew the following spells:

 Your Spells              Type           Power        Failure   Level  Hunger
a - Corona                Hex            #######      0%          1    None
c - Confuse               Hex            #######.     0%          3    ##.....
d - Ensorcelled Hibernat  Hex/Ice        ######       1%          2    None
e - Enslavement           Hex            #######.     0%          4    ####...
A - Apportation           Tloc           #####.....   1%          1    None
I - Invisibility          Hex            #######.     1%          6    #######


Dungeon Overview and Level Annotations

Branches:
Dungeon (12/15)            Temple (1/1) D:6            Lair (8/8) D:9
  Swamp (0/5) Lair:5        Snake (0/5) Lair:5        Slime (0/6) Lair:6
    Orc (1/4) D:12

Altars:
Ashenzari
Cheibriados
Dithmenos
Elyvilon
Fedhas
Gozag
Kikubaaqudgha
Makhleb
Nemelex Xobeh
Okawaru
Qazlal
Ru
Sif Muna
Trog
Vehumet
Xom
Yredelemnul
Zin
The Shining One

Shops:
D:7 :::(!

Annotations:
D:3 exclusions: 4 doors and 2 more exclusions
D:11 3 runed doors, exclusion: orange crystal statue


Innate Abilities, Weirdness & Mutations

You heal slowly.
You can bottle blood from corpses.
You have razor-sharp teeth.
You have supernaturally acute eyesight.
You can survive without breathing.


Message History

* * * LOW HITPOINT WARNING * * *
Read which item? (? for menu, Esc to quit)
As you read the scroll of fog, it crumbles to dust.
The scroll dissolves into smoke.
Drink which item? (? for menu, Esc to quit)
Okay, then.
Drink which item? (? for menu, Esc to quit)
Okay, then.
Read which item? (? for menu, Esc to quit)
Okay, then.
Drink which item? (? for menu, Esc to quit)
Okay, then.
Drink which item? (? for menu, Esc to quit)
Okay, then.
Read which item? (? for menu, Esc to quit)
As you read the scroll of teleportation, it crumbles to dust.
You feel strangely unstable. Tree limbs sway around you.
You are hit by a branch!
You die...

♣♣.P.......##.P..#.....P♣♣♣♣
##.≈≈....P..#.#♣♣♣♣♣♣♣♣..♣ *
♣.♣≈.......<..♣ ♣....♣
♣.≈........P..♣ ♣♣...♣
♣♣.......[..♣♣♣ ♣♣..♣* *
♣♣♣.....[.♣♣ **...** {
♣♣♣..♣...♣♣ **, ... * .♣♣*
♣♣♣♣.♣..♣♣♣♣♣♣♣♣♣...♣ * ...♣
♣♣♣♣.§§@§§......♣ * ,*
♣..♣♣♣♣ ♣♣♣♣♣i§....♣♣♣ ,
♣..?.♣♣ ♣♣{§§♣♣..♣* * *
♣♣♣...♣♣ ♣..♣♣♣* ..♣ * *
♣♣...♣♣♣♣♣♣h♣♣ ,,., ,* *
♣♣♣♣.†i..i♣♣ *,, , ** ,,* **
**♣.....♣♣ ** *, * **
♣...h.♣♣♣♣ * ** *,
,,{*♣....♣♣♣ **** ** *,**


You could see a young spriggan druid.

Vanquished Creatures
  Fannar (Lair:4)
  9 hydras
  Harold (Lair:5)
  A centaur warrior (Volcano)
  Erica (D:10)
  A catoblepas (Lair:6)
  17 death yaks
  The ghost of catsarecewl the Martial Artist, a powerful OpTm of Makhleb (Lair:2)
  The ghost of Grim the Covert, an experienced SpEn of Dithmenos (Lair:2)
  Pikel (D:5)
  A manticore (D:12)
  2 ugly things (D:12)
  4 hill giants
  An orc sorcerer (Orc:1)
  6 elephants
  Maurice (D:12)
  A centaur zombie (D:12)
  10 spiny frogs
  A gargoyle (D:11)
  2 torpor snails (Lair:7)
  3 kobold demonologists (D:11)
  9 komodo dragons
  3 yaktaurs (Volcano)
  2 nagas (Lair:5)
  4 fire drakes
  3 trolls
  Sonja (D:10)
  2 polar bears
  A two-headed ogre (D:8)
  A boulder beetle (Lair:6)
  5 slime creatures (D:12)
  3 blink frogs (Lair:3)
  A deep elf mage (D:9)
  A basilisk (Lair:5)
  A redback (Lair:8)
  3 fire bats (Volcano)
  A human (D:7)
  53 yaks
  Eustachio (D:9)
  11 hippogriffs
  A wraith (D:10)
  2 wyverns
  A spriggan (Lair:8)
  7 wolves
  3 hungry ghosts
  6 vampire mosquitoes (Lair:5)
  14 water moccasins
  A black bear (D:10)
  12 porcupines
  2 sky beasts
  5 phantoms
  3 ogres
  7 orc warriors
  A wasp (Lair:8)
  A boring beetle (Lair:6)
  2 eyes of draining
  11 crocodiles
  A centaur (D:9)
  12 giant frogs
  2 big kobolds
  3 scorpions
  12 wights
  A lava snake (Volcano)
  5 killer bees
  A goliath beetle (D:6)
  6 jellies
  7 crimson imps
  A wasp zombie (D:11)
  3 giant frog zombies
  3 centaur skeletons
  14 hounds
  4 quasits
  9 orc priests
  12 orc wizards
  A giant frog skeleton (D:12)
  Natasha (D:4)
  A hell rat (D:9)
  7 iguanas
  7 worker ants
  A killer bee zombie (D:11)
  8 sheep
  A hound zombie (D:4)
  2 hound skeletons
  2 mummies
  2 worker ant zombies
  11 gnolls
  23 adders
  47 river rats
  A shadow imp (D:3)
  A white imp (D:11)
  A worm (D:2)
  2 adder skeletons
  6 giant geckos
  54 orcs
  A bat zombie (D:5)
  4 giant cockroaches
  A gnoll zombie (D:3)
  15 goblins
  14 hobgoblins
  22 jackals
  17 quokkas
  2 ball pythons
  14 bats
  A giant gecko skeleton (D:4)
  3 giant newts
  33 kobolds
  A kobold zombie (D:3)
  22 rats
676 creatures vanquished.

Vanquished Creatures (collateral kills)
  A naga warrior (Lair:5)
  A spriggan druid (Lair:8)
  A naga (Lair:5)
  A wight (D:8)
  2 lava snakes (Volcano)
  An orc priest (Orc:1)
  2 sheep (D:7)
  An orc (Orc:1)
  A giant spore (D:8)
11 creatures vanquished.

Vanquished Creatures (others)
  2 polar bears (Lair:8)
  2 redbacks (Lair:8)
  2 wolves (Lair:8)
  3 nagas (Lair:5)
  2 black bears (Lair:8)
  2 killer bees (D:8)
  A centaur (Volcano)
  A wight (D:8)
  A wasp zombie (D:9)
  5 fungi (Lair:8)
  2 plants (Lair:8)
23 creatures vanquished.

Grand Total: 710 creatures vanquished

Notes
Turn   | Place    | Note
--------------------------------------------------------------
     0 | D:1      | PolkaDot, the Vampire Enchanter, began the quest for the Orb.
     0 | D:1      | Reached XP level 1. HP: 13/13 MP: 3/3
   291 | D:1      | Reached XP level 2. HP: 19/19 MP: 4/4
   615 | D:1      | Reached skill level 5 in Hexes
   909 | D:1      | Reached XP level 3. HP: 22/24 MP: 6/6
   913 | D:1      | Learned a level 2 spell: Ensorcelled Hibernation
   917 | D:1      | Learned a level 3 spell: Confuse
  1329 | D:2      | Reached skill level 1 in Ice Magic
  1494 | D:2      | Reached skill level 5 in Stealth
  1784 | D:2      | Found a blossoming altar of Fedhas.
  2014 | D:2      | Reached XP level 4. HP: 28/30 MP: 7/7
  2546 | D:4      | Reached skill level 6 in Stealth
  2546 | D:4      | Reached XP level 5. HP: 28/35 MP: 9/9
  2598 | D:4      | Found a shattered altar of Ashenzari.
  2601 | D:4      | Became a worshipper of Ashenzari the Shackled
  2605 | D:4      | Noticed a sky beast
  2616 | D:4      | Killed a sky beast
  2616 | D:4      | Reached skill level 7 in Hexes
  2616 | D:4      | Reached XP level 6. HP: 29/41 MP: 1/10
  2907 | D:3      | HP: 1/41 [gnoll zombie/cursed spear[a shadow imp] (4)]
  3887 | D:4      | Found a staircase to the Ecumenical Temple.
  3985 | D:4      | Noticed an ogre
  3998 | D:4      | Killed an ogre
  3998 | D:4      | Reached skill level 8 in Hexes
  4001 | D:4      | Reached XP level 7. HP: 42/46 MP: 12/12
  4053 | D:4      | Learned a level 4 spell: Enslavement
  4356 | D:4      | Found a burning altar of Makhleb.
  4735 | D:4      | Noticed Natasha
  4748 | D:4      | Killed Natasha
  4900 | D:4      | Reached skill level 9 in Hexes
  5023 | D:5      | Entered Level 5 of the Dungeon
  5331 | D:5      | Found a sand-covered staircase.
  5511 | D:5      | Noticed Pikel
  5516 | D:5      | Killed Pikel
  5516 | D:5      | Reached skill level 5 in Short Blades
  5516 | D:5      | Reached skill level 10 in Hexes
  5516 | D:5      | Reached XP level 8. HP: 52/52 MP: 13/13
  6254 | D:6      | Reached skill level 11 in Hexes
  7039 | D:6      | Found a staircase to the Ecumenical Temple.
  7082 | Temple   | Entered the Ecumenical Temple
  7571 | D:6      | Reached skill level 12 in Hexes
  7858 | D:6      | Reached XP level 9. HP: 50/57 MP: 14/14
  7860 | D:6      | Reached skill level 10 in Stealth
  8124 | D:6      | Acquired Ashenzari's first power
  8435 | D:7      | Found Vapac's Book Boutique.
  8461 | D:7      | Found a white marble altar of Elyvilon.
  8461 | D:7      | Found Skuenur's Book Shoppe.
  8665 | D:7      | Found Kexzaaw's Weapon Boutique.
  8669 | D:7      | Found Mnaciporo's Distillery.
  8797 | D:7      | Found an ancient bone altar of Kikubaaqudgha.
  8807 | D:7      | Found Wutaitt's Book Boutique.
  8928 | D:7      | Reached skill level 13 in Hexes
 10099 | D:8      | Reached skill level 14 in Hexes
 10117 | D:8      | Reached XP level 10. HP: 63/63 MP: 16/16
 10428 | D:8      | Found an opulent altar of Gozag.
 10429 | D:8      | Found a sparkling altar of Nemelex Xobeh.
 10475 | D:9      | Acquired Ashenzari's second power
 10815 | D:9      | Noticed Eustachio
 10882 | D:9      | Killed Eustachio
 10964 | D:9      | Reached skill level 15 in Hexes
 10988 | D:9      | Noticed a hill giant
 10994 | D:9      | Killed a hill giant
 11017 | D:9      | Identified the +0 helmet "Hiloahyg" {+Inv rElec}
 11202 | D:9      | Found a staircase to the Lair.
 11700 | D:9      | Found a shimmering altar of Xom.
 11702 | D:9      | Found a shimmering altar of Xom.
 11702 | D:9      | Found a shimmering altar of Xom.
 11717 | D:9      | Reached skill level 16 in Hexes
 11937 | D:10     | Entered Level 10 of the Dungeon
 11970 | D:10     | Reached XP level 11. HP: 68/68 MP: 17/17
 12010 | D:10     | Noticed Sonja
 12018 | D:10     | Noticed Erica
 12019 | D:10     | Killed Sonja
 12043 | D:10     | Killed Erica
 12232 | D:10     | Noticed a hill giant
 12241 | D:10     | Killed a hill giant
 12831 | D:10     | Acquired Ashenzari's third power
 12837 | D:10     | Noticed a hill giant
 12889 | D:10     | Killed a hill giant
 13370 | D:10     | Reached skill level 17 in Hexes
 13436 | D:11     | Found a runed door.
 13458 | D:11     | Reached skill level 10 in Short Blades
 13557 | D:11     | Found a runed door.
 13565 | D:11     | Found a runed door.
 13571 | D:11     | Found a runed door.
 14263 | D:11     | Noticed an ice devil
 14499 | D:12     | Noticed Maurice
 14506 | D:12     | Killed Maurice
 14506 | D:12     | Reached skill level 18 in Hexes
 14569 | D:12     | Noticed a hill giant
 14572 | D:12     | Killed a hill giant
 14572 | D:12     | Reached skill level 15 in Stealth
 14621 | D:12     | Found a sacrificial altar of Ru.
 14732 | D:12     | Reached XP level 12. HP: 74/74 MP: 22/22
 15363 | D:12     | Found a staircase to the Orcish Mines.
 15531 | Orc:1    | Entered Level 1 of the Orcish Mines
 15670 | Orc:1    | Reached skill level 19 in Hexes
 16003 | D:7      | Bought a book of Party Tricks for 650 gold pieces
 16010 | D:7      | Learned a level 6 spell: Invisibility
 16012 | D:7      | Learned a level 1 spell: Apportation
 16181 | Lair:1   | Entered Level 1 of the Lair of Beasts
 16507 | Lair:1   | Acquired Ashenzari's fourth power
 16530 | Lair:1   | Reached skill level 1 in Translocations
 17734 | Lair:2   | Noticed Grim's ghost (experienced SpEn)
 17749 | Lair:2   | Killed Grim's ghost
 17815 | Lair:2   | Noticed catsarecewl's ghost (powerful OpTm)
 17867 | Lair:2   | Killed catsarecewl's ghost
 17867 | Lair:2   | Reached skill level 20 in Hexes
 19351 | Lair:3   | Reached XP level 13. HP: 79/79 MP: 24/24
 19840 | Lair:4   | Noticed Fannar
 20059 | Lair:4   | Killed Fannar
 20379 | Lair:4   | Reached skill level 21 in Hexes
 20939 | Lair:5   | Reached skill level 1 in Evocations
 20963 | Lair:5   | Noticed Harold
 20964 | Lair:5   | Killed Harold
 21021 | Lair:5   | Found a dark tunnel.
 21027 | Volcano  | Entered a volcano
 21404 | Volcano  | Found a bloodstained altar of Trog.
 21428 | Volcano  | Found a radiant altar of Vehumet.
 21613 | Lair:5   | Found a staircase to the Swamp.
 22022 | Lair:5   | Found a staircase to the Snake Pit.
 22722 | Lair:6   | Found a staircase to the Slime Pits.
 22964 | Lair:6   | Reached skill level 22 in Hexes
 23085 | Lair:6   | Reached XP level 14. HP: 85/85 MP: 25/25
 25118 | Lair:8   | Entered Level 8 of the Lair of Beasts
 25126 | Lair:8   | Reached skill level 5 in Evocations
 26074 | Lair:8   | Reached skill level 23 in Hexes
 27299 | Lair:8   | HP: 3/85 [young spriggan druid/stone arrow (12)]
 27305 | Lair:8   | Killed from afar by a young spriggan druid

Action                   |  1- 3 |  4- 6 |  7- 9 | 10-12 | 13-15 || total
-------------------------+-------+-------+-------+-------+-------++-------
Melee: Dagger            |   170 |   144 |   328 |   844 |   445 ||  1931
 Cast: Corona            |     1 |       |     3 |       |       ||     4
       Ensorcelled Hiber |     4 |     9 |    65 |   139 |    47 ||   264
       Confuse           |     1 |     5 |    22 |    31 |     4 ||    63
       Enslavement       |       |       |     7 |     1 |    17 ||    25
       Invisibility      |       |       |       |     4 |    11 ||    15
 Abil: Evoke Invisibilit |       |       |       |       |     7 ||     7
       Turn Visible      |       |       |       |       |     6 ||     6
Evoke: Phial of floods   |       |       |       |     1 |       ||     1
  Use: Scroll            |       |     4 |    15 |    13 |     8 ||    40
       Potion            |       |     1 |     5 |     3 |    10 ||    19
 Stab: Sleeping          |    15 |    19 |    69 |   180 |   125 ||   408
       Confused          |     2 |     4 |    14 |    21 |     5 ||    46
       Distracted        |       |       |     1 |     5 |     4 ||    10
       Betrayed ally     |       |       |     1 |       |     2 ||     3
       Invisible         |       |       |       |     8 |    28 ||    36
  Eat: Corpse            |       |     1 |     1 |     3 |     1 ||     6
